 Dungeon Sprint DCSS version 0.21-a0-297-ga3d34c2 (webtiles) character file.

156 Kidiri the Thaumaturge (level 5, -9/28 HPs)
             Began as a Deep Elf Fire Elementalist on Sept 28, 2017.
             Was an Initiate of Vehumet.
             Killed from afar by a deep elf mage (37 damage)
             ... with a bolt of cold
             ... in the Dungeon (Sprint III: "The Ten Rune Challenge").
             The game lasted 00:02:20 (496 turns).

Kidiri the Thaumaturge (Deep Elf Fire Elementalist)  Turns: 496, Time: 00:02:20

Health: -9/28      AC:  3    Str:  7    XL:     5   Next: 15%
Magic:  19/19      EV: 13    Int: 21    God:    Vehumet [......]
Gold:   21         SH:  0    Dex: 13    Spells: 3/24 levels left

rFire    . . .     SeeInvis .   v - +0 dagger
rCold    . . .     Gourm    .   (no shield)
rNeg     . . .     Faith    .   a - +0 robe
rPois    .         Spirit   .   (no helmet)
rElec    .         Reflect  .   (no cloak)
rCorr    .         Harm     .   (no gloves)
MR       .....     NoTele   +   (no boots)
Stlth    ++........             (no amulet)
HPRegen  0.09/turn              (no ring)
MPRegen  0.16/turn              (no ring)

@: no status effects
A: clumsy 1, shaggy fur 1, strong 1, evolution 1
a: Renounce Religion


You were in the Dungeon.
You worshipped Vehumet.
Vehumet was noncommittal.
You were not hungry.

You visited 1 branch You collected 21 gold pieces.

Inventory:

Hand Weapons
 v - a +0 dagger (weapon)
Armour
 a - a +0 robe (worn)
Scrolls
 i - a scroll of blinking
 j - a scroll of random uselessness {unknown}
 l - 2 scrolls of immolation {unknown}
 m - 3 scrolls of identify
 n - 2 scrolls of remove curse
 r - a scroll of recharging {unknown}
Potions
 d - a potion of curing
 e - a potion of heal wounds
 f - a potion of haste
 g - 2 potions of magic
 h - a potion of berserk rage
 p - a potion of flight {unknown}
 q - 5 potions of mutation
 t - a potion of resistance {unknown}
Comestibles
 c - a bread ration
 o - 4 fruits
 s - a royal jelly
 u - 3 chunks of flesh


   Skills:
 + Level 0.0 Fighting
 + Level 0.0 Short Blades
 + Level 0.0 Armour
 + Level 2.4 Dodging
 - Level 2.4 Stealth
 * Level 10.0 Spellcasting
 + Level 5.7 Conjurations
 + Level 6.5 Fire Magic
 + Level 0.0 Air Magic
 + Level 0.0 Poison Magic


You had 3 spell levels left.
You knew the following spells:

 Your Spells              Type           Power        Failure   Level  Hunger
a - Flame Tongue          Conj/Fire      #####        1%          1    None
b - Throw Flame           Conj/Fire      #####.       1%          2    None
c - Conjure Flame         Conj/Fire      #####...     1%          3    None
d - Inner Flame           Hex/Fire       ###.....     4%          3    None
e - Sticky Flame          Conj/Fire      #####...     4%          4    ##.....
f - Fireball              Conj/Fire      #####.....   14%         5    ####...
g - Mephitic Cloud        Conj/Pois/Air  ###.....     9%          3    None


Dungeon Overview and Level Annotations

Branches:
Dungeon (1/1)

Altars:
Elyvilon
Kikubaaqudgha
Sif Muna
Vehumet
Zin
The Shining One


Innate Abilities, Weirdness & Mutations

You are clumsy. (Dex -2)
You are covered in fur. (AC +1)
Your muscles are strong. (Str +2)
You evolve.


Message History

Things that are here:
a robe; an inedible chunk of flesh
There is an open door, spattered with blood here.
There's nothing to close nearby.
You close the door.
There is a fountain of clear blue water here.
There is a fountain of clear blue water here.
You start resting.
Magic restored.
You start resting.
HP restored.
You open the door.
Found a glowing silver altar of Zin.
A deep elf mage comes into view.
It is wielding a long sword of holy wrath.
Found 2 potions of curing.
Found two altars.
There is an open door here.
The deep elf mage casts a spell at you. The bolt of cold hits you!
Ouch! That really hurt!
You die...

▓▓▓▓▓ ▓▓▓ #(..####
##.#####
#......#####..#___#
#.......#..#..#e@.#
##.##...#..#..###'#+###+
##.###..##+#..#..........
###.##..###...'.⌠........
#..##[.####...#...######+
...##..###....#.⌠.#
..##...##.....#...#
.##....#......#+###
###..##.#.....#[):#


You could see a deep elf mage.

Vanquished Creatures
  A water elemental (D)
  A wizard (D)
  Jessica (D)
  A kobold demonologist (D)
  A human (D)
  An ooze (D)
  A phantom (D)
  2 rats (D)
9 creatures vanquished.

Vanquished Creatures (others)
  2 draconian scorchers (D)
  6 hellions (D)
  A yaktaur (D)
9 creatures vanquished.

Grand Total: 18 creatures vanquished

Notes
Turn   | Place    | Note
-------+----------+-------------------------------------------
     0 | D        | Kidiri the Deep Elf Fire Elementalist began the quest for the Orb.
     0 | D        | Reached XP level 1. HP: 10/10 MP: 6/6
     8 | D        | Reached skill level 4 in Spellcasting
    61 | D        | Noticed Jessica
    61 | D        | Killed a yaktaur
    65 | D        | Killed Jessica
    65 | D        | Reached skill level 6 in Spellcasting
    65 | D        | Reached XP level 2. HP: 13/15 MP: 3/11
    65 | D        | Reached XP level 3. HP: 16/19 MP: 3/12
    69 | D        | Learned a level 2 spell: Throw Flame
   100 | D        | Killed a hellion
   100 | D        | Killed a hellion
   101 | D        | Killed a hellion
   102 | D        | Killed a hellion
   137 | D        | Killed a white draconian scorcher
   144 | D        | Learned a level 3 spell: Conjure Flame
   148 | D        | Learned a level 3 spell: Inner Flame
   163 | D        | Killed a hellion
   164 | D        | Killed a hellion
   166 | D        | Reached skill level 7 in Spellcasting
   166 | D        | Reached skill level 5 in Fire Magic
   183 | D        | Gained mutation: You are clumsy. (Dex -2) [potion of mutation]
   183 | D        | Gained mutation: Your muscles are strong. (Str +2) [potion of mutation]
   183 | D        | Gained mutation: You evolve. [potion of mutation]
   183 | D        | Gained mutation: You are covered in fur. (AC +1) [potion of mutation]
   186 | D        | Killed a white draconian scorcher
   251 | D        | Noticed a water elemental
   253 | D        | Killed a water elemental
   253 | D        | Reached skill level 9 in Spellcasting
   253 | D        | Reached skill level 5 in Conjurations
   253 | D        | Reached XP level 4. HP: 24/24 MP: 9/17
   260 | D        | Learned a level 4 spell: Sticky Flame
   304 | D        | Found a radiant altar of Vehumet.
   305 | D        | Found a deep blue altar of Sif Muna.
   305 | D        | Found an ancient bone altar of Kikubaaqudgha.
   305 | D        | Noticed a wizard
   308 | D        | Killed a wizard
   308 | D        | Reached skill level 10 in Spellcasting
   308 | D        | Reached XP level 5. HP: 11/28 MP: 8/19
   322 | D        | Learned a level 5 spell: Fireball
   326 | D        | Learned a level 3 spell: Mephitic Cloud
   337 | D        | Became a worshipper of Vehumet
   494 | D        | Found a glowing silver altar of Zin.
   495 | D        | Found a glowing golden altar of the Shining One.
   495 | D        | Found a white marble altar of Elyvilon.
   495 | D        | Noticed a deep elf mage
   496 | D        | Killed from afar by a deep elf mage

Vault maps used:
D:        dungeon_sprint_mu

Skill      XL: |  1  2  3  4 |
---------------+-------------+-----
Spellcasting   | 6 9 10 | 10.0
Conjurations   | 3 5 |  5.7
Fire Magic     | 4 5 6 |  6.5
Dodging        | |  2.4
Stealth        | |  2.4

Action                   |  1- 3 |  4- 6 || total
-------------------------+-------+-------++-------
 Cast: Flame Tongue      |    17 |     1 ||    18
       Conjure Flame     |     1 |       ||     1
       Throw Flame       |     1 |       ||     1
       Sticky Flame      |       |     2 ||     2
  Use: Potion            |     1 |       ||     1
Dodge: Dodged            |     1 |     1 ||     2

Table legend:
 A = Spawn XP
 B = Non-spawn XP
 C = Spawn XP percentage of total XP
 D = Spawn monster count
 E = Non-spawn monster count
 F = Spawn count percentage of total count
 G = Total turns spent on level
                    A         B        C        D         E        F      G
               +---------+---------+-------+---------+---------+-------+---------
         Total |       0 |     224 |   0.0 |       0 |       9 |   0.0 |   496
               +---------+---------+-------+---------+---------+-------+---------
             D |       0 |     224 |   0.0 |       0 |       9 |   0.0 |   496
               +---------+---------+-------+---------+---------+-------+---------
